 Dungeon Crawl Stone Soup version 0.30.0-10-gfe55d96785 (webtiles) character file.

Game seed: 13900847043047354912

91 GigaChad the Shield-Bearer (level 4, 0/37 HPs)
             Began as a Formicid Fighter on May 14, 2023.
             Succumbed to a scorpion's poison
             ... on level 2 of the Dungeon.
             The game lasted 00:01:21 (983 turns).

GigaChad the Shield-Bearer (Formicid Fighter)        Turns: 983, Time: 00:01:22

Health: 0/37       AC:  7    Str: 21 (23) XL:     4   Next: 88%
Magic:  4/4        EV:  9    Int:  6 (7)  God:
Gold:   27         SH:  5    Dex: 12 (13) Spells: 3/3 levels left

rFire   + . .        a - +0 war axe
rCold   + . .        c - +0 buckler
rNeg    . . .        b - +0 scale mail
rPois   +            (helmet unavailable)
rElec   +            (no cloak)
rCorr   +            (no gloves)
SInv    +            (no boots)
Will    .....        (no amulet) Stlth
                     (no ring)
HPRegen 0.26/turn    (no ring)
MPRegen 0.09/turn

%: no passive effects
@: lethally poisoned (0 -> -1), resistant
A: permanent stasis, dig shafts and tunnels, antennae 3, four strong arms
a: Dig, Shaft Self


You were on level 2 of the Dungeon.
You visited 1 branch of the dungeon, and saw 2 of its levels.

You collected 27 gold pieces.

Inventory:

Hand Weapons
 a - a +0 war axe (weapon)
Armour
 b - a +0 scale mail (worn)
 c - a +0 buckler (worn)
Scrolls
 e - 2 scrolls of enchant weapon {unknown}
 i - 2 scrolls of identify {unknown}
 j - 3 scrolls of silence {unknown}
 l - a scroll of magic mapping {unknown}
 m - a scroll of vulnerability {unknown}
 n - a scroll of fog {unknown}
Potions
 d - a potion of might
 f - a potion of resistance
 g - a potion of degeneration
 h - a potion of curing {unknown}
 k - a potion of heal wounds {unknown}
 o - a potion of lignification {unknown}


   Skills:
 * Level 3.9 Fighting
 * Level 3.0 Axes
 * Level 4.1 Armour
 * Level 4.7 Shields


You had 3 spell levels left.
You didn't know any spells.
Your spell library was empty.

Dungeon Overview and Level Annotations

Branches:
Dungeon (2/15)

Altars:


Innate Abilities, Weirdness & Mutations

You cannot be hasted, slowed, berserked, paralysed or teleported.
You can dig through walls and to a lower floor.
You have a pair of large antennae on your head. (SInv)
Your four strong arms can wield two-handed weapons with a shield.


Message History

The scorpion stings you.
You hit the scorpion.
The scorpion is severely wounded.
You feel very sick. The scorpion barely misses you.
The scorpion closely misses you.
You closely miss the scorpion.
The scorpion is severely wounded.
You feel sick. The scorpion stings you.
* * * LOW HITPOINT WARNING * * *
You are lethally poisoned!
The scorpion poisons you!
The scorpion stings you but does no damage.
You barely miss the scorpion.
The scorpion is severely wounded.
* * * LOW HITPOINT WARNING * * *
You feel very sick.
The scorpion stings you but does no damage.
You slash the scorpion!
You kill the scorpion!
* * * LOW HITPOINT WARNING * * *
You feel very sick.
Your Axes skill increases to level 3!
Your Armour skill increases to level 4!
You have reached level 4!
You feel stronger.
It was a potion of degeneration.
There was something very wrong with that liquid.
You feel weakened.
You feel dopey.
You feel clumsy.
* * * LOW HITPOINT WARNING * * *
You feel sick.
It was a potion of resistance.
You feel protected.
* * * LOW HITPOINT WARNING * * *
You feel sick.
* * * LOW HITPOINT WARNING * * *
You feel sick.
You see here 6 boomerangs.
Okay, then.
* * * LOW HITPOINT WARNING * * *
You feel sick.
You die...

#.###### #..
#..#...# #.#
##.#...# #.#
#.....# ##.#
##....####..#
##.###.....#
#.##..###.#
#..>.##
#.######
###.##
#...@.(# #.#
######.# #.#
#.# #.. #.#
### #.# ..#
###


There were no monsters in sight!

Vanquished Creatures
  A scorpion (D:2)
  4 ball pythons (D:1)
  3 bats
  2 endoplasms (D:1)
  A giant cockroach (D:1)
  4 goblins (D:1)
  2 hobgoblins (D:1)
  2 quokkas
  2 frilled lizards (D:1)
  3 kobolds (D:1)
  3 rats (D:1)
27 creatures vanquished.

Notes
Turn   | Place    | Note
-------+----------+-------------------------------------------
     0 | D:1      | GigaChad the Formicid Fighter began the quest for the Orb.
     0 | D:1      | Reached XP level 1. HP: 18/18 MP: 1/1
   162 | D:1      | Reached XP level 2. HP: 24/24 MP: 2/2
   482 | D:1      | Reached XP level 3. HP: 29/29 MP: 3/3
   972 | D:2      | Noticed a scorpion
   978 | D:2      | Killed a scorpion
   979 | D:2      | Reached XP level 4. HP: 5/37 MP: 4/4
   982 | D:2      | HP: 1/37 [poisoned by a scorpion]
   983 | D:2      | Succumbed to a scorpion's poison

Illustrated notes

Levels and vault maps discovered:
D:1:      minmay_arrival_semitransparent, layout_basic
D:2:      layout_basic, minmay_misc_feat_plants

Skill      XL: |  1  2  3 |
---------------+----------+-----
Axes           | 3 |  3.0
Armour         | 4 |  4.1
Fighting       | |  3.9
Shields        | |  4.7

Action                     |  1- 3 |  4- 6 || total
---------------------------+-------+-------++-------
  Melee: War axe           |    71 |       ||    71
Ability: Dig               |     3 |       ||     3
    Use: Potion            |       |     2 ||     2
 Armour: Scale mail        |    30 |       ||    30
  Dodge: Dodged            |    43 |       ||    43
  Block: Buckler           |    18 |       ||    18
